Map: Cactus Valley LE (Void)

Players

ParanOid - Winner!

  • Race: Zerg Zerg
  • Spawn Location: 1:00

niceq

  • Race: Terran Terran
  • Spawn Location: 5:00

Event: IEM XI Katowice - World Championship 2017

VOD

Have the link to the VOD?

Description

Time

  • Played on: Feb. 28, 2017, 4:04 a.m.
  • Length: 11:36

All games in this series

Show
View Real Time Build Order
Export as new Build Order

ParanOid Zerg - Winner!

Build Orders: Hatch First, Muta Ling Bane 

Get SALT Encoding   

  12  0:00  Drone  
  13  0:12  Overlord  
  13  0:17  Drone  
  14  0:32  Drone x2  
  14  0:34  Drone  
  17  0:54  Hatchery  
  17  0:56  Drone  
  17  0:58  Drone  
  18  1:14  Extractor  
  18  1:16  Spawning Pool, Drone  
  17  1:20  Drone  
  18  1:28  Drone  
  19  1:38  Overlord  
  19  1:49  Drone  
  20  2:00  Drone  
  21  2:02  Queen  
  21  2:05  Queen  
  21  2:06  Zergling x2  
  26  2:11  Drone  
  27  2:16  Metabolic Boost  
  27  2:18  Drone  
  28  2:24  Drone  
  29  2:30  Drone  
  29  2:35  Drone  
  31  2:39  Drone  
  31  2:40  Queen  
  31  2:43  Overlord  
  34  2:49  Drone  
  35  2:58  Zergling x2  
  36  3:01  Overlord  
  36  3:20  Drone x5  
  36  3:22  Drone x3  
  44  3:28  Drone  
  45  3:34  Hatchery  
  45  3:35  Overlord  
  45  3:37  Queen  
  45  3:40  Queen  
  48  3:44  Zergling x4  
  50  3:50  Drone x2  
  50  3:52  Overlord  
  50  3:54  Overlord  
  52  4:00  Drone x4  
  56  4:09  Drone x2  
  58  4:15  Extractor  
  57  4:21  Zergling x2  
  57  4:22  Zergling x2  
  57  4:23  Queen  
  61  4:28  Spore Crawler  
  61  4:30  Zergling x6  
  63  4:33  Drone  
  63  4:34  Evolution Chamber, Drone x2  
  63  4:37  Evolution Chamber  
  63  4:54  Drone x7  
  63  4:59  Drone x5  
  75  5:00  Zerg Melee Weapons Level 1  
  75  5:02  Zerg Ground Armor Level 1  
  75  5:03  Lair  
  75  5:04  Drone x2  
  77  5:08  Drone  
  78  5:15  Overlord  
  78  5:16  Overlord  
  78  5:19  Overlord, Baneling Nest  
  77  5:21  Extractor  
  77  5:22  Extractor  
  77  5:25  Extractor  
  77  5:27  Overlord x2  
  74  5:29  Pneumatized Carapace  
  73  5:36  Hatchery  
  73  5:37  Drone x3  
  73  5:42  Drone x3  
  78  5:43  Drone  
  78  5:44  Drone  
  78  5:45  Drone  
  78  5:47  Queen  
  83  5:50  Overlord  
  83  6:04  Hatchery  
  82  6:07  Centrifical Hooks  
  82  6:10  Drone x3  
  82  6:11  Spire, Extractor, Drone  
  84  6:12  Drone  
  84  6:13  Drone x2  
  84  6:15  Zergling x4  
  89  6:33  Zergling x12  
  89  6:34  Zergling x12  
  89  6:35  Overlord  
  101  6:48  Baneling x4  
  101  6:55  Drone x10, Burrow  
  101  6:56  Drone  
  101  6:59  Zerg Melee Weapons Level 2  
  101  7:00  Zerg Ground Armor Level 2  
  112  7:02  Overlord  
  112  7:12  Zergling x2  
  112  7:13  Zergling x12  
  112  7:14  Overlord  
  119  7:31  Queen  
  121  7:41  Zergling x16  
  121  7:42  Zergling x10  
  134  7:44  Overlord x3  
  134  7:45  Spine Crawler  
  134  7:47  Zerg Flyer Weapons Level 1  
  134  7:50  Overlord  
  132  8:02  Overlord x4  
  132  8:06  Overlord  
  132  8:07  Hatchery  
  132  8:10  Mutalisk  
  132  8:11  Mutalisk x7  
  132  8:12  Mutalisk  
  146  8:17  Mutalisk x2  
  152  8:25  Drone  
  152  8:26  Drone x3  
  153  8:35  Zergling x2, Infestation Pit  
  153  8:36  Zergling x4  
  153  8:39  Overlord x2  
  153  8:50  Mutalisk x6  
  164  9:06  Zergling x34  
  164  9:08  Baneling x4  
  181  9:14  Infestation Pit  
  181  9:15  Baneling x3  
  181  9:16  Baneling x3  
  180  9:22  Overlord  
  180  9:34  Baneling x9  
  157  9:57  Mutalisk x5  
  159  10:01  Zergling x18  
  159  10:02  Zergling x26  
  159  10:04  Baneling x6  
  181  10:10  Extractor  
  181  10:11  Extractor  
  172  10:20  Mutalisk x2  
  166  10:23  Zergling x18  
  167  10:31  Overlord  
  164  10:37  Drone x3  
  164  10:38  Drone x5  
  164  10:39  Drone  
  164  10:41  Zergling x4  
  164  10:42  Zergling x16  
  175  10:54  Zergling x18  
  175  10:55  Zergling x8  
  187  10:57  Overseer  
  187  10:59  Baneling x12  
  187  11:00  Zergling x2  
  187  11:01  Zergling x2  
  187  11:22  Baneling  
  187  11:23  Hatchery  
Show
View Real Time Build Order
Export as new Build Order

niceq Terran 

Build Orders: Hellion Opening, Reaper Expand, MMM Bio 

Get SALT Encoding   

  12  0:01  SCV  
  13  0:13  SCV  
  14  0:18  Supply Depot  
  14  0:25  SCV  
  14  0:27  Refinery  
  15  0:39  SCV  
  16  0:46  Barracks  
  16  0:51  SCV  
  17  1:03  SCV  
  18  1:16  SCV  
  19  1:32  Orbital Command  
  19  1:33  Reaper  
  20  1:46  Command Center  
  20  2:01  SCV  
  21  2:06  Barracks Reactor  
  21  2:07  Factory  
  21  2:13  SCV  
  22  2:15  Supply Depot  
  22  2:19  Refinery  
  22  2:25  SCV  
  23  2:37  SCV  
  24  2:49  SCV  
  24  2:50  Barracks Tech Lab  
  25  2:52  Starport  
  25  2:57  Hellion  
  29  2:58  Hellion  
  29  3:01  SCV  
  30  3:06  Orbital Command  
  30  3:14  SCV  
  31  3:20  Hellion  
  31  3:26  Hellion, SCV  
  35  3:29  Marine  
  35  3:33  SCV  
  37  3:39  Raven  
  37  3:40  Supply Depot  
  39  3:42  SCV  
  39  3:44  Hellion  
  39  3:47  SCV  
  43  3:51  Hellion  
  43  3:54  SCV  
  46  4:02  SCV  
  47  4:04  Supply Depot  
  47  4:06  SCV  
  47  4:09  Marine  
  49  4:18  SCV  
  49  4:20  Command Center  
  50  4:27  SCV  
  51  4:31  SCV  
  51  4:36  Factory Reactor  
  52  4:39  Viking  
  52  4:42  Barracks x2  
  52  4:45  SCV  
  53  4:46  SCV  
  53  4:49  Supply Depot  
  48  4:54  Marine  
  48  4:55  Stimpack  
  48  4:57  SCV  
  48  4:58  SCV  
  45  5:01  Engineering Bay  
  45  5:05  Engineering Bay  
  45  5:09  SCV  
  45  5:10  SCV  
  47  5:16  Marine  
  48  5:21  SCV  
  48  5:22  SCV  
  48  5:24  Factory Reactor  
  48  5:25  Starport Reactor  
  48  5:27  Terran Infantry Weapons Level 1  
  50  5:29  Supply Depot  
  50  5:30  Terran Infantry Armor Level 1  
  50  5:33  SCV, Orbital Command  
  50  5:34  Marine  
  52  5:39  Bunker, Refinery  
  52  5:40  Refinery  
  52  5:41  SCV  
  52  5:42  Marine  
  54  5:43  Marine  
  54  5:45  SCV  
  54  5:46  Marine  
  54  5:47  Marine  
  58  5:52  Marine  
  59  6:01  Marine x2  
  61  6:06  Barracks  
  61  6:07  Barracks  
  61  6:08  Marine  
  61  6:09  SCV, Orbital Command  
  63  6:11  Marine, Factory Reactor  
  63  6:12  SCV  
  63  6:14  Barracks  
  63  6:15  Marine  
  63  6:16  Medivac  
  68  6:19  Marine  
  68  6:22  SCV  
  68  6:24  Marine, SCV  
  72  6:26  Marine  
  72  6:31  Armory  
  73  6:34  SCV  
  73  6:36  Marine  
  73  6:37  Medivac  
  73  6:39  SCV  
  78  6:47  Marine  
  78  6:48  Supply Depot  
  78  6:52  Marine, SCV  
  78  6:53  Bunker  
  81  6:54  Supply Depot, SCV  
  81  6:55  Marine, SCV  
  81  6:58  Marine  
  81  6:59  Factory Reactor  
  85  7:04  Supply Depot, SCV, Medivac  
  85  7:06  Marine, SCV  
  85  7:07  Marine, SCV  
  92  7:09  Marine  
  92  7:10  Medivac  
  92  7:11  Marine  
  96  7:17  SCV  
  96  7:22  Marine, SCV  
  99  7:28  Marine x4  
  99  7:29  Marine, Marauder  
  107  7:32  Terran Infantry Weapons Level 2, Terran Infantry Armor Level 2  
  107  7:33  SCV  
  107  7:36  SCV  
  108  7:38  Marine x2  
  108  7:39  Marine  
  108  7:40  SCV  
  108  7:43  Widow Mine, Medivac  
  116  7:46  Marine x2  
  116  7:47  Barracks Reactor  
  117  7:51  Marine  
  117  7:53  Marauder  
  117  7:54  Marine x2  
  115  7:59  Marine, Combat Shields  
  115  8:02  Marine  
  117  8:06  Marine x2  
  117  8:07  SCV  
  117  8:14  Supply Depot  
  117  8:15  Supply Depot  
  117  8:16  Marine x4  
  117  8:17  Medivac x2  
  117  8:18  Command Center  
  125  8:28  Marine x2  
  125  8:29  Marine  
  125  8:30  Marine, Widow Mine, SCV  
  125  8:33  Marine x2  
  125  8:35  Widow Mine  
  125  8:36  Marine x3, Supply Depot  
  125  8:37  Supply Depot  
  125  8:39  Refinery  
  130  8:42  SCV  
  130  8:43  Supply Depot  
  130  8:44  Supply Depot  
  131  8:48  Marine  
  131  8:49  Marine x3  
  131  8:52  Marine  
  134  8:55  Supply Depot  
  134  8:56  Supply Depot, Marine  
  134  9:04  SCV  
  134  9:06  Widow Mine x2, Barracks  
  134  9:07  Marine, Barracks  
  140  9:10  Missile Turret  
  140  9:12  Marine  
  140  9:15  Missile Turret  
  141  9:17  Missile Turret x2  
  141  9:21  Marine x2  
  141  9:24  Marine x6  
  139  9:32  Marine  
  139  9:37  Marine  
  139  9:38  Marine, Widow Mine  
  140  9:39  Marine x2  
  140  9:41  Marine  
  134  9:54  Bunker  
  134  9:56  Marauder  
  134  9:57  Marine  
  133  10:01  Barracks Reactor  
  133  10:02  Barracks Reactor  
  133  10:03  SCV  
  134  10:07  Marine x2  
  134  10:08  Marine  
  134  10:11  Marine  
  133  10:17  Marine x3, Marauder  
  133  10:19  Marine x2  
  123  10:22  Marine, Widow Mine x2  
  123  10:25  Marine x3  
  117  10:29  Marine  
  117  10:35  Marine x2  
  109  10:37  Marine  
  109  10:39  Marauder  
  113  10:48  Marine  
  113  10:49  Marine x2  
  110  10:53  Marine  
  110  10:54  Marine, SCV  
  110  10:55  Missile Turret, SCV  
  110  10:56  Missile Turret  
  112  10:59  Factory  
  112  11:00  Marauder  
  112  11:03  Missile Turret  
  114  11:14  Marine  
  114  11:16  Marine  
  114  11:17  Marine x4  

Tags
 
Add a new tag
Caveats
  • Supply blocks, unpowered buildings, or Contaminate may cause inaccurate times.
  • Supply counts are checked every 10 seconds.